 Dungeon Crawl Stone Soup version 0.21.1-1-g345015f (webtiles) character file.

74 Kagorn the Skirmisher (level 4, -1/73 HPs)
             Began as an Ogre Berserker on June 9, 2018.
             Was a Believer of Trog.
             Slain by a hobgoblin (3 damage)
             ... on level 3 of the Dungeon.
             The game lasted 00:11:36 (1879 turns).

Kagorn the Skirmisher (Ogre Berserker)              Turns: 1879, Time: 00:11:37

Health: -1/73      AC:  3    Str: 26    XL:     4   Next: 28%
Magic:  4/4        EV: 10    Int: 10    God:    Trog [**....]
Gold:   60         SH:  0    Dex:  9    Spells: 3/3 levels left

rFire    . . .     SeeInvis .   l - +0 short sword (flame)
rCold    . . .     Gourm    .   (no shield)
rNeg     . . .     Faith    .   f - +0 robe (curse)
rPois    .         Spirit   .   (helmet restricted)
rElec    .         Reflect  .   (no cloak)
rCorr    .         Harm     .   (gloves unavailable)
MR       .....                  (boots unavailable)
Stlth    ..........             (no amulet)
HPRegen  0.22/turn              q - ring of flight
MPRegen  0.09/turn              r - +2 ring of intelligence

@: berserking (expiring), very quick
A: large, unfitting armour, tough skin 1
a: Berserk, Trog's Hand, Burn Spellbooks, Renounce Religion, Evoke Flight


You were on level 3 of the Dungeon.
You worshipped Trog.
Trog was pleased with you.
You were very hungry.

You visited 1 branch of the dungeon, and saw 3 of its levels.

You collected 60 gold pieces.

Inventory:

Hand Weapons
 a - a +0 mace
 l - a +0 short sword of flaming (weapon)
 m - a +2 vampiric short sword
 o - a +2 hand axe of venom
Missiles
 h - 17 sling bullets
 j - 112 stones (quivered)
Armour
 b - a +1 animal skin
 f - a cursed +0 robe (worn)
 s - quicksilver dragon scales
Jewellery
 q - a ring of flight (left hand)
 r - a +2 ring of intelligence (right hand)
Scrolls
 g - 2 scrolls of enchant armour
 n - a scroll of identify
Potions
 d - 2 potions of agility {unknown}
 e - a potion of cancellation {unknown}
 i - a potion of flight {unknown}
 k - a potion of mutation {unknown}
 p - a potion of degeneration {unknown}
Comestibles
 c - 2 rations


   Skills:
 + Level 4.6 Fighting
 * Level 1.2 Short Blades
 - Level 3.2 Maces & Flails
 + Level 3.3 Dodging
 * Level 0.6 Stealth


You had 3 spell levels left.
You didn't know any spells.

Dungeon Overview and Level Annotations

Branches:
Dungeon (3/15)

Altars:
Vehumet


Innate Abilities, Weirdness & Mutations

You are too large for most types of armour.
You have tough skin. (AC +1)


Message History

You barely miss the goblin.
The goblin is severely wounded.
The goblin closely misses you.
You completely miss the goblin.
The goblin is severely wounded.
The rat bites you.
* * * LOW HITPOINT WARNING * * *
The hobgoblin shoots a sling bullet.
The sling bullet hits you.
* * * LOW HITPOINT WARNING * * *
The goblin hits you but does no damage.
You see here a stone.
You puncture the rat! You burn the rat.
You kill the rat!
Trog accepts your kill.
The goblin wields an uncursed hunting sling.
The goblin shoots a stone.
The stone barely misses you.
A goblin comes into view. It is wielding a club.
The hobgoblin unwields an uncursed hunting sling.
The hobgoblin hits you.
You die...

..... ##. ...?
... ... #.#
### .. #
#..... g#.
..#.. # #.#
#.#.#
#g#g####.#.#
#..g@((...(#
###g####...###
#
#<.........#.#
####.........#
#.......###
##....###
#....# #..#.#
#..#.#


You could see a hobgoblin and 4 goblins.

Vanquished Creatures
  2 adders (D:2)
  An ooze (D:1)
  A dart slug (D:1)
  A leopard gecko (D:2)
  A ball python (D:2)
  2 giant cockroaches (D:1)
  6 goblins
  10 hobgoblins
  2 jackals (D:1)
  4 bats
  3 frilled lizards (D:1)
  7 kobolds
  7 rats
47 creatures vanquished.

Notes
Turn   | Place    | Note
-------+----------+-------------------------------------------
     0 | D:1      | Kagorn the Ogre Berserker began the quest for the Orb.
     0 | D:1      | Reached XP level 1. HP: 24/24 MP: 1/1
   153 | D:1      | Reached XP level 2. HP: 19/32 MP: 2/2
   384 | D:1      | Reached XP level 3. HP: 19/40 MP: 3/3
   389 | D:1      | Reached ** piety under Trog
  1146 | D:2      | Reached skill level 1 in Short Blades
  1146 | D:2      | Reached XP level 4. HP: 21/49 MP: 4/4
  1550 | D:2      | Found a radiant altar of Vehumet.
  1876 | D:3      | HP: 1/73 [hobgoblin/sling bullet (5)]
  1879 | D:3      | Slain by a hobgoblin

Skill      XL: |  1  2  3 |
---------------+----------+-----
Dodging        | 3 |  3.3
Maces & Flails | 3 |  3.2
Short Blades   | 1 |  1.2
Fighting       | |  4.6
Stealth        | |  0.6

Action                   |  1- 3 |  4- 6 || total
-------------------------+-------+-------++-------
Melee: Mace              |    88 |       ||    88
       Short sword       |    53 |    36 ||    89
Invok: Berserk           |       |     1 ||     1
       Trog's Hand       |       |     1 ||     1
  Use: Scroll            |     2 |     2 ||     4
  Eat: Ration            |     1 |       ||     1
Armor: Robe              |    53 |    12 ||    65
       Animal skin       |     2 |       ||     2
Dodge: Dodged            |   134 |    15 ||   149
